[Event "Team 45 45 League T58"]
[Site "Internet Chess Club"]
[Date "2013.09.28"]
[Round "6"]
[White "DeepGreen"]
[Black "cysk"]
[Result "1-0"]
[WhiteElo "1928"]
[BlackElo "1774"]
[Opening "Scandinavian: Pytel-Wade variation"]
[ECO "B01"]
[Time "21:45:36"]
[TimeControl "2700+45"]

1. e4 d5 2. exd5 Qxd5 3. Nc3 Qd6 4. d4 Nf6 5. Nf3 a6 6. Bc4 b5 7. Bb3 Bb7 8. O-O
e6 9. Re1 c5 10. a4 c4 11. Ba2 b4 12. Nb1 Qc6 13. Nbd2 c3 14. Nc4 cxb2 15. Bxb2
Qc7 16. Nce5 Bd6 17. Ng5 O-O 18. Ngxf7 Rxf7 19. Bxe6 Bd5 20. Nxf7 Bxe6 21. Nh6+
gxh6 22. Rxe6 Nbd7 23. d5 Rf8 24. Qe2 Bxh2+ 25. Kh1 Bf4 26. g3 Bd6 27. Re1 a5
28. Qf3 Qxc2 29. Bxf6 Bc5 30. d6 Qg6 31. Qb3 Qf7 32. R1e4 Nxf6 33. Rxf6 Qxb3 34.
Rg4+ Kh8 35. Rxf8+ {Black resigns} 1-0

[Event "Team 45 45 League T58"]
[Site "Internet Chess Club"]
[Date "2013.09.30"]
[Round "6"]
[White "Portola"]
[Black "laurenpar"]
[Result "1-0"]
[WhiteElo "1825"]
[BlackElo "1916"]
[Opening "Queen's pawn: London system"]
[ECO "A45"]
[Time "21:05:27"]
[TimeControl "2700+45"]

1. d4 Nf6 2. Bf4 d6 3. h3 g6 4. e3 Bg7 5. Nf3 O-O 6. Bc4 b6 7. Nbd2 Nc6 8. c3
Bb7 9. O-O Nd7 10. Bg5 h6 11. Bh4 Qe8 12. a4 a6 13. Qc2 Kh8 14. Bg3 e5 15. b4 f5
16. dxe5 dxe5 17. Rfe1 Qe7 18. Bd5 Nxb4 19. cxb4 Bxd5 20. Rab1 g5 21. e4 fxe4
22. Nxe4 c5 23. bxc5 Bxe4 24. Rxe4 Nxc5 25. Nxe5 Qf6 26. Reb4 Kg8 27. Rxb6 Qe7
28. Ng6 Qe4 29. Qxe4 Nxe4 30. Nxf8 Bxf8 31. Rb8 Ra7 32. R1b7 Rxb7 33. Rxb7 Bc5
34. Kf1 h5 35. h4 gxh4 36. Bxh4 a5 37. Rb8+ Kg7 38. Ra8 Bb4 39. Bd8 Nd2+ 40. Ke2
Nc4 41. Ra6 Kh7 42. Bc7 Kg7 43. Kf3 Be1 44. g3 Kh7 45. Kg2 Kg7 46. f3 Ne3+ 47.
Kh3 Nf5 48. Bxa5 Bxg3 49. Bc3+ Kh7 50. Rf6 {Black resigns} 1-0

[Event "Team 45 45 League T58"]
[Site "Internet Chess Club"]
[Date "2013.09.29"]
[Round "6"]
[White "Froggy"]
[Black "MedRep"]
[Result "1-0"]
[WhiteElo "2166"]
[BlackElo "2041"]
[Opening "Réti opening"]
[ECO "A04"]
[Time "12:02:53"]
[TimeControl "2700+45"]

1. Nf3 c5 2. b3 Nc6 3. Bb2 d6 4. d4 cxd4 5. Nxd4 Bd7 6. c4 Nf6 7. e3 e6 8. Be2
Be7 9. Nc3 O-O 10. O-O a6 11. Qd2 Qb8 12. a4 b6 13. Bf3 Rc8 14. Rfd1 Ra7 15.
Nxc6 Bxc6 16. Bxc6 Rxc6 17. Qd4 Rd7 18. e4 Ne8 19. Ne2 b5 20. cxb5 axb5 21. Qd2
bxa4 22. bxa4 Qb3 23. Nd4 {Black resigns} 1-0

[Event "Team 45 45 League T58"]
[Site "Internet Chess Club"]
[Date "2013.09.26"]
[Round "6"]
[White "poni"]
[Black "Goli"]
[Result "1/2-1/2"]
[WhiteElo "1877"]
[BlackElo "1682"]
[Opening "Réti: King's Indian attack"]
[ECO "A05"]
[Time "13:31:59"]
[TimeControl "2700+45"]

1. Nf3 Nf6 2. g3 g6 3. Bg2 Bg7 4. c4 O-O 5. Nc3 d6 6. O-O e5 7. e4 c6 8. d4 exd4
9. Nxd4 Qc7 10. h3 h6 11. Be3 Nbd7 12. Qd2 Kh7 13. Rad1 a5 14. b3 Nc5 15. Nde2
Re8 16. f3 Bf8 17. Kh2 b6 18. Bf4 Rd8 19. e5 Ne8 20. Rfe1 Be6 21. exd6 Bxd6 22.
Bxd6 Rxd6 23. Qe3 Rad8 24. Nd4 Ng7 25. f4 Nf5 26. Nxf5 Rxd1 27. Rxd1 Rxd1 28.
Nxd1 Bxf5 29. Nc3 Bc8 30. Qe8 Qd7 31. Qxd7 Bxd7 32. Kg1 f5 33. Kf2 Kg7 34. Ke3
Kf6 35. Ne2 Ne6 36. Nd4 Nxd4 37. Kxd4 Ke6 38. c5 b5 39. a3 Kf6 40. Bf3 Be8 41.
h4 Ke6 42. Bg2 {Game drawn by mutual agreement} 1/2-1/2

[Event "Team 45 45 League T58"]
[Site "Internet Chess Club"]
[Date "2013.09.27"]
[Round "6"]
[White "Inquisiteur"]
[Black "nurmi"]
[Result "1-0"]
[WhiteElo "1664"]
[BlackElo "2046"]
[Opening "English: symmetrical variation"]
[ECO "A35"]
[Time "19:18:50"]
[TimeControl "2700+45"]

1. c4 c5 2. Nc3 Nc6 3. Nf3 g6 4. d4 cxd4 5. Nxd4 Bg7 6. e3 Nf6 7. Be2 O-O 8. O-O
d5 9. cxd5 Nxd5 10. Nxd5 Qxd5 11. Bf3 Qc5 12. Nxc6 bxc6 13. Qa4 Bb7 14. Bd2 Rac8
15. Rac1 Qb6 16. Ba5 Qa6 17. Rfe1 Ba8 18. Rc5 Rb8 19. Be2 Qc8 20. b3 f5 21. Qc4+
Kh8 22. Bc3 e5 23. Rxe5 Qc7 24. Rc5 f4 25. Bf3 Rbc8 26. h3 Bb7 27. b4 Qd7 28.
exf4 Rce8 29. Rxe8 Qxe8 30. Bxg7+ Kxg7 31. Qc3+ Kg8 32. g3 Qd7 33. Kg2 Rc8 34.
h4 Rc7 35. h5 Bc8 36. Bd5+ {Black resigns} 1-0

[Event "Team 45 45 League T58"]
[Site "Internet Chess Club"]
[Date "2013.09.29"]
[Round "6"]
[White "pkktet"]
[Black "FourKnights"]
[Result "1/2-1/2"]
[WhiteElo "1809"]
[BlackElo "1808"]
[Opening "Sicilian: Canal-Sokolsky attack, 3...Bd7"]
[ECO "B52"]
[Time "13:08:12"]
[TimeControl "2700+45"]

1. e4 c5 2. Nf3 d6 3. Bb5+ Bd7 4. Bxd7+ Nxd7 5. O-O Ngf6 6. Qe2 e5 7. c3 Be7 8.
d4 O-O 9. Bg5 h6 10. Bh4 Nh5 11. Bg3 Nxg3 12. hxg3 Bf6 13. d5 a6 14. c4 Rb8 15.
Nc3 Qa5 16. Nd2 b5 17. cxb5 axb5 18. Nd1 {Game drawn by mutual agreement}
1/2-1/2

[Event "Team 45 45 League T58"]
[Site "Internet Chess Club"]
[Date "2013.09.29"]
[Round "6"]
[White "nidusin2"]
[Black "mugurelt"]
[Result "0-1"]
[WhiteElo "1617"]
[BlackElo "1801"]
[Opening "Old Benoni: Franco-Benoni defense"]
[ECO "B21"]
[Time "00:36:38"]
[TimeControl "2700+45"]

1. e4 c5 2. d4 e6 3. d5 exd5 4. exd5 d6 5. Bb5+ Bd7 6. Bxd7+ Nxd7 7. c4 Be7 8.
Nf3 Ngf6 9. O-O O-O 10. Nc3 Re8 11. h3 Bf8 12. Bf4 a6 13. Qd3 Qc7 14. Rfe1 Rab8
15. Ng5 Ne5 16. Bxe5 dxe5 17. Re3 b5 18. b3 bxc4 19. bxc4 g6 20. Nge4 Nxe4 21.
Nxe4 Bg7 22. Qa3 a5 23. Qxc5 Qxc5 24. Nxc5 Rbc8 25. Ne4 Red8 26. Rc3 f5 27. Ng5
e4 28. Rac1 Bxc3 29. Rxc3 Rxd5 30. Ne6 Rd6 31. Nf4 Kf7 32. Kf1 Rdc6 33. Ra3 Rc5
34. Ra4 Rb8 35. Ke2 Rb4 36. Rxb4 axb4 37. Kd2 Rxc4 38. g4 g5 39. Ne2 f4 40. Nc1
Rc3 {White resigns} 0-1

[Event "Team 45 45 League T58"]
[Site "Internet Chess Club"]
[Date "2013.09.27"]
[Round "6"]
[White "noblitz-oblige"]
[Black "Ajolote"]
[Result "1-0"]
[WhiteElo "1611"]
[BlackElo "1578"]
[Opening "Sicilian: Najdorf, Lipnitzky attack"]
[ECO "B86"]
[Time "11:00:09"]
[TimeControl "2700+45"]

1. e4 c5 2. Nf3 d6 3. d4 cxd4 4. Nxd4 Nf6 5. Nc3 a6 6. Bc4 e6 7. a3 Be7 8. O-O
O-O 9. Be3 Bd7 10. Qe2 Qc7 11. Bb3 Nc6 12. Nf3 Rac8 13. Rad1 Rfd8 14. Na4 Qb8
15. Nb6 Rc7 16. Nc4 Rcc8 17. e5 Ne4 18. Bb6 d5 19. Bxd8 Rxd8 20. Ncd2 Nc5 21.
Ba2 Qc7 22. c4 Qa5 23. cxd5 exd5 24. Bxd5 Ne6 25. Bxe6 Bxe6 26. Nc4 Qb5 27.
Rxd8+ Bxd8 28. Rc1 Na5 29. Nfd2 Bg5 30. Qd3 h6 31. Rc3 Bxd2 32. Nxd2 Qxe5 33.
Nf3 Qf6 34. Nd4 Qe5 35. Nxe6 Qxe6 36. Qd8+ Kh7 37. Re3 Qf5 38. Qd3 g6 39. Qxf5
gxf5 40. Re5 Nc4 41. Rxf5 Kg6 42. Rf3 Nxb2 43. Rb3 Nc4 44. Rxb7 Nxa3 45. Rb6+
Kg7 46. Rxa6 Nb5 47. Kf1 Nd4 48. f3 Ne6 49. Rxe6 fxe6 50. Ke2 Kf6 51. Ke3 Ke5
52. g3 Kf5 53. h3 e5 54. g4+ Kf6 55. Ke4 Ke6 56. h4 Kf6 57. Kd5 Kg6 58. Kxe5 h5
59. Ke6 hxg4 60. fxg4 Kh6 61. Kf6 Kh7 62. g5 Kh8 63. Kg6 Kg8 64. h5 Kh8 65. Kf7
Kh7 66. g6+ Kh6 67. g7 Kxh5 68. g8=Q Kh4 69. Qg2 Kh5 70. Qg3 Kh6 71. Qh4# {Black
checkmated} 1-0

[Event "Team 45 45 League T58"]
[Site "Internet Chess Club"]
[Date "2013.09.30"]
[Round "6"]
[White "monkeyshark"]
[Black "RD1974"]
[Result "0-1"]
[WhiteElo "1520"]
[BlackElo "1658"]
[Opening "French: King's Indian attack"]
[ECO "C00"]
[Time "18:06:15"]
[TimeControl "2700+45"]

1. e4 e6 2. d3 d5 3. Nd2 Nf6 4. Qe2 c5 5. e5 Nfd7 6. Ngf3 Nc6 7. c3 Qc7 8. d4 b6
9. g3 a5 10. Qe3 Be7 11. Be2 cxd4 12. cxd4 Nb4 13. Bd3 Ba6 14. Bxa6 Nc2+ {White
resigns} 0-1

[Event "Team 45 45 League T58"]
[Site "Internet Chess Club"]
[Date "2013.09.26"]
[Round "6"]
[White "Mitochondria"]
[Black "Insan996"]
[Result "0-1"]
[WhiteElo "1482"]
[BlackElo "1585"]
[Opening "Nimzo-Indian: 4.e3 e8g8, 5.Nf3, without ...d5"]
[ECO "E50"]
[Time "10:08:02"]
[TimeControl "2700+45"]

1. d4 Nf6 2. c4 e6 3. Nc3 Bb4 4. Nf3 O-O 5. e3 c5 6. Bd3 b6 7. Qc2 Bb7 8. Be2 d6
9. O-O Nbd7 10. a3 Bxc3 11. Qxc3 Qc7 12. b4 Rfd8 13. Bb2 Ne4 14. Qc2 Rac8 15.
Rac1 Ndf6 16. Bd3 d5 17. Rfd1 cxb4 18. axb4 dxc4 19. Bxc4 Nd6 20. Bd3 Qxc2 21.
Bxc2 Nd5 22. Bb3 Rxc1 23. Rxc1 Nxb4 24. Rc7 Bxf3 25. gxf3 a5 26. Ba3 Nb5 27. Rb7
Nxa3 28. Rxb6 g6 29. h4 Rc8 30. Ba4 Nd5 31. Ra6 Nc4 32. Bb3 Ndb6 33. Kg2 Kg7 34.
Kg3 Kf6 35. Kg4 h5+ 36. Kf4 a4 37. Bxa4 Nxa4 38. Rxa4 Nb2 39. Ra7 Nd3+ 40. Kg3
Rc2 41. f4 Nxf2 42. Ra6 Ng4 43. d5 Nxe3 {White resigns} 0-1

[Event "Team 45 45 League T58"]
[Site "Internet Chess Club"]
[Date "2013.09.29"]
[Round "6"]
[White "jps7"]
[Black "Goldenberg"]
[Result "0-1"]
[WhiteElo "1673"]
[BlackElo "1989"]
[Opening "Queen's pawn game, Darooha variation "]
[ECO "D02"]
[Time "21:00:30"]
[TimeControl "2700+45"]

1. d4 d5 2. Nf3 Nf6 3. h3 e6 4. e3 c5 5. b3 Nc6 6. a3 Bd6 7. Bd3 O-O 8. Bb2 cxd4
9. exd4 Re8 10. Ne5 Qc7 11. f4 a5 12. O-O Qb6 13. Kh1 Bd7 14. g4 a4 15. g5 Bxe5
16. fxe5 Ne4 17. Bxe4 dxe4 18. b4 Ne7 19. Qe2 Nf5 20. Qf2 e3 21. Qf4 Qc6+ 22.
Kh2 Qxc2+ 23. Kg1 Qxb2 24. Nc3 Qxc3 25. Rac1 Qxa3 26. Rc7 Bc6 27. h4 Qxb4 28. h5
e2 29. Rc1 e1=Q+ 30. Rxe1 Qxe1+ 31. Kh2 Qh1# {White checkmated} 0-1

[Event "Team 45 45 League T58"]
[Site "Internet Chess Club"]
[Date "2013.09.29"]
[Round "6"]
[White "ausya"]
[Black "misuc56"]
[Result "1-0"]
[WhiteElo "1784"]
[BlackElo "1889"]
[Opening "Sicilian: Alapin's variation (2.c3)"]
[ECO "B22"]
[Time "14:00:46"]
[TimeControl "2700+45"]

1. e4 c5 2. c3 d6 3. d4 cxd4 4. cxd4 Nc6 5. Nc3 g6 6. Be3 Bg7 7. Nf3 Nf6 8. h3
h5 9. Bc4 a6 10. a3 b5 11. Ba2 Na5 12. Qd3 Bd7 13. O-O O-O 14. e5 Bf5 15. Qd2
dxe5 16. Nxe5 Nd7 17. Nxd7 Bxd7 18. Qe2 Rc8 19. Bg5 Re8 20. Rad1 Nc4 21. Rfe1
Bf6 22. Bf4 e6 23. Ne4 Be7 24. d5 exd5 25. Rxd5 Nb6 26. Rdd1 Bf6 27. Qd2 Kg7 28.
Nd6 Rxe1+ 29. Rxe1 Be6 30. Bh6+ Kh7 31. Nxc8 Qxc8 32. Bxe6 fxe6 33. Bg5 Bg7 34.
Qd6 Nc4 35. Qxe6 Qxe6 36. Rxe6 Bxb2 37. Rxa6 Bxa3 38. Ra7+ Kg8 39. Be7 b4 40.
Rb7 Na5 41. Rb8+ Kf7 42. Bxb4 Bxb4 43. Rxb4 Nc6 44. Rb7+ Kf8 45. Kh2 Nd4 46. Kg3
g5 47. Rh7 h4+ 48. Kg4 Ne6 49. Rh6 Nc5 50. Kxg5 Ne4+ 51. Kxh4 Kg7 52. Rh5 Nxf2
53. g4 Ne4 54. Rg5+ Kf6 55. Ra5 Kg6 56. g5 Kg7 57. Re5 Nf2 58. Kg3 Nd3 59. Re3
Nc5 60. h4 Kf7 61. h5 Nd7 62. Kf4 Nf8 63. Kf5 Kg7 64. Re7+ Kg8 65. Re8 Kf7 66.
Rxf8+ Kxf8 67. Kf6 Kg8 68. Kg6 Kh8 69. Kf7 Kh7 70. g6+ Kh8 71. g7+ {Black
resigns} 1-0

[Event "Team 45 45 League T58"]
[Site "Internet Chess Club"]
[Date "2013.09.25"]
[Round "6"]
[White "WOLFSPELZ"]
[Black "JasonModer"]
[Result "1-0"]
[WhiteElo "1407"]
[BlackElo "1468"]
[Opening "Queen's pawn, Mason variation, Steinitz counter-gambit"]
[ECO "D00"]
[Time "19:00:06"]
[TimeControl "2700+45"]

1. d4 d5 2. Bf4 c5 3. c3 Nc6 4. Nf3 Bf5 5. e3 Nf6 6. h3 e6 7. Nbd2 Bd6 8. dxc5
Bxc5 9. Nb3 Bd6 10. Bxd6 Qxd6 11. Nbd4 Nxd4 12. Nxd4 O-O-O 13. Nxf5 exf5 14. Qc2
Qe6 15. O-O-O Rhe8 16. Bb5 Re7 17. Rd4 a6 18. Bd3 Ne4 19. Rd1 g6 20. Kb1 Rc7 21.
Bxe4 fxe4 22. Qb3 Rcd7 23. Rc1 Qf5 24. Rd2 Qg5 25. Rg1 f5 26. Qb6 f4 27. Qc5+
Rc7 28. exf4 Qxf4 29. Qe3 Qxe3 30. fxe3 Rf7 31. Rgd1 Kc7 32. Rxd5 Rxd5 33. Rxd5
Rf1+ 34. Kc2 Rf2+ 35. Rd2 Rxd2+ 36. Kxd2 Kd6 37. c4 Kc5 38. Kc3 b5 39. cxb5 axb5
40. a3 h6 41. g3 Kd5 42. Kb4 Kc6 43. b3 Kb6 44. a4 bxa4 45. bxa4 Ka6 46. a5 Kb7
47. Kc5 Ka6 48. Kd4 Kxa5 49. Kxe4 Kb6 50. Ke5 Kc7 51. Kf6 g5 52. Kg6 Kd6 53.
Kxh6 Ke5 54. Kxg5 Ke6 55. Kg6 Ke7 56. h4 Kf8 57. h5 Kg8 58. g4 Kh8 59. e4 Kg8
60. e5 Kf8 61. Kf6 Kg8 62. g5 Kf8 63. h6 Kg8 64. g6 Kh8 65. e6 Kg8 66. e7 Kh8
67. e8=Q# {Black checkmated} 1-0

[Event "Team 45 45 League T58"]
[Site "Internet Chess Club"]
[Date "2013.09.28"]
[Round "6"]
[White "Elton2013"]
[Black "lemanofzorn"]
[Result "0-1"]
[WhiteElo "1409"]
[BlackElo "1670"]
[Opening "Caro-Kann: advance variation"]
[ECO "B12"]
[Time "19:00:43"]
[TimeControl "2700+45"]

1. e4 c6 2. d4 d5 3. e5 Bf5 4. Nf3 e6 5. c3 c5 6. Nbd2 Nc6 7. Be2 Qb6 8. Nb3 Rc8
9. O-O c4 10. Nbd2 h5 11. h3 Nge7 12. Nh4 g6 13. Nxf5 Nxf5 14. Nf3 Be7 15. Qc2
Kd7 16. Bg5 Bf8 17. Bf6 Bg7 18. Bxg7 Nxg7 19. Ng5 Ke7 20. b3 cxb3 21. axb3 Nxd4
22. Qa2 Nxe2+ 23. Qxe2 a6 24. Qb2 Nf5 25. b4 Qc7 26. Rac1 Qxe5 27. Nf3 Qf4 28.
Rfe1 Rc4 29. Rcd1 Rhc8 30. Rc1 Qc7 31. Rcd1 Rxc3 32. Rxd5 Rc1 33. Rdd1 Rxd1 34.
Rxd1 Qc2 35. Qa1 Qb3 36. Rb1 Qc3 37. Qa2 Nd4 38. Nh2 Qc2 39. Qa1 Nb3 40. Qb2
Qxb2 41. Rxb2 Rc1+ 42. Nf1 Nd4 43. f3 Nc2 44. Kf2 Ne1 45. Kg1 Nd3 46. Rb3 Nf4
47. Rb2 Ra1 48. h4 b5 49. g3 Nd5 50. Kf2 Ra4 51. Nd2 Nxb4 52. Ke2 Nd5 53. Kf2
Nb6 54. Ne4 Nc4 55. Rc2 Rb4 56. Nc5 a5 57. Nb7 a4 58. Nc5 Rb2 59. Rxb2 Nxb2 60.
Ne4 a3 61. Nc3 b4 62. Na2 b3 63. Nc3 a2 64. Ne2 a1=Q 65. Ke3 Nc4+ 66. Kf2 b2 67.
Kg2 Qe1 68. Ng1 Ne3+ 69. Kh2 Nf1+ 70. Kh3 Qxg3# {White checkmated} 0-1

[Event "Team 45 45 League T58"]
[Site "Internet Chess Club"]
[Date "2013.09.26"]
[Round "6"]
[White "RudiV"]
[Black "Bible-Believer"]
[Result "1/2-1/2"]
[WhiteElo "1450"]
[BlackElo "1682"]
[Opening "Queen's pawn: London system"]
[ECO "A45"]
[Time "21:00:21"]
[TimeControl "2700+45"]

1. d4 Nf6 2. Bf4 c5 3. c3 Qb6 4. Qb3 cxd4 5. Qxb6 axb6 6. cxd4 Nc6 7. Nf3 d6 8.
h3 Nxd4 9. Nxd4 e5 10. Be3 exd4 11. Bxd4 Be7 12. e3 Be6 13. Bb5+ Bd7 14. Bxd7+
Kxd7 15. Bxb6 Rhc8 16. Nc3 d5 17. O-O Bb4 18. Bd4 Ke6 19. Bxf6 gxf6 20. Rfd1
Bxc3 21. bxc3 Rxc3 22. Rdb1 Rc2 23. a4 Ra5 24. Rxb7 Rc4 25. Rab1 Raxa4 26. R1b6+
Kf5 27. g4+ Kg6 28. Rb8 Kg7 29. Rd6 d4 30. exd4 Rxd4 31. Rxd4 Rxd4 32. Kg2 Rd3
33. Re8 Ra3 34. Re3 Rxe3 35. fxe3 Kg6 36. h4 h6 37. Kf3 f5 38. Kf4 fxg4 39. Kxg4
f5+ 40. Kf4 Kf6 41. h5 Ke6 42. e4 fxe4 43. Kxe4 Kf6 44. Kf4 Ke6 45. Ke4 Kf6 46.
Kf4 Ke6 47. Ke4 Kf6 48. Kf4 Ke6 {Game drawn by repetition} 1/2-1/2

[Event "Team 45 45 League T58"]
[Site "Internet Chess Club"]
[Date "2013.09.27"]
[Round "6"]
[White "BotanicalKnight"]
[Black "GideonL"]
[Result "1-0"]
[WhiteElo "1513"]
[BlackElo "1455"]
[Opening "Bishop's opening"]
[ECO "C23"]
[Time "19:00:45"]
[TimeControl "2700+45"]

1. e4 e5 2. Bc4 Nc6 3. d3 Bc5 4. Nc3 d6 5. Na4 Bb6 6. c3 Nf6 7. Nxb6 axb6 8. f4
Bg4 9. Nf3 Bxf3 10. Qxf3 Qe7 11. O-O h5 12. Bb5 h4 13. fxe5 dxe5 14. Kh1 Qe6 15.
Bg5 Ke7 16. Bc4 Qd6 17. d4 Rh5 18. Qxh5 {Black resigns} 1-0

[Event "Team 45 45 League T58"]
[Site "Internet Chess Club"]
[Date "2013.09.29"]
[Round "6"]
[White "jjaillet2007"]
[Black "chesskix"]
[Result "1-0"]
[WhiteElo "1382"]
[BlackElo "1366"]
[Opening "Dutch with c4 & Nc3"]
[ECO "A85"]
[Time "20:00:38"]
[TimeControl "2700+45"]

1. d4 f5 2. c4 Nf6 3. Nc3 e6 4. Bg5 Be7 5. e3 O-O 6. Bd3 Ng4 7. Bxe7 Qxe7 8. h4
b6 9. Nf3 Bb7 10. O-O a6 11. Re1 d6 12. e4 fxe4 13. Bxe4 Bxe4 14. Nxe4 h6 15. b4
Nd7 16. c5 d5 17. Nc3 Ndf6 18. Ne5 Nxe5 19. Rxe5 bxc5 20. bxc5 c6 21. Qe2 Rae8
22. Re1 Ne4 23. Nxe4 dxe4 24. Qxe4 Qf7 25. Re2 Qf4 26. g3 Qc1+ 27. Kg2 Rf6 28.
Qxc6 Ref8 29. Rxe6 Qc4 30. Qe4 R6f7 31. c6 Rc7 32. d5 Qxe4+ 33. R2xe4 Rcf7 34.
f4 Rc7 35. Re7 Rxe7 36. Rxe7 Rd8 37. c7 Rxd5 38. c8=Q+ Kh7 39. Qxa6 Rd2+ 40. Kf3
h5 41. f5 {Black resigns} 1-0

[Event "Team 45 45 League T58"]
[Site "Internet Chess Club"]
[Date "2013.09.28"]
[Round "6"]
[White "medsurg"]
[Black "globulon"]
[Result "1-0"]
[WhiteElo "1323"]
[BlackElo "1448"]
[Opening "King's Indian defense, 3.Nc3"]
[ECO "E61"]
[Time "23:45:27"]
[TimeControl "2700+45"]

1. d4 Nf6 2. c4 g6 3. Nc3 Bg7 4. Nf3 O-O 5. Bf4 d6 6. Qd2 Bh8 7. e4 Nbd7 8. e5
Nh5 9. Bh6 Re8 10. g4 Ng7 11. O-O-O Ne6 12. h4 dxe5 13. dxe5 b6 14. Ng5 Bxe5 15.
Nxe6 fxe6 16. f4 Bh8 17. h5 Bb7 18. hxg6 Bxh1 19. gxh7+ Kxh7 20. Bd3+ Kxh6 21.
Qh2+ Kg7 22. Qh7+ Kf8 23. Qxh8+ Kf7 24. Qh7+ Kf8 25. Bg6 Bf3 26. Qf7# {Black
checkmated} 1-0

[Event "Team 45 45 League T58"]
[Site "Internet Chess Club"]
[Date "2013.09.27"]
[Round "6"]
[White "BrerRabbit"]
[Black "sdcohle"]
[Result "1-0"]
[WhiteElo "1511"]
[BlackElo "1455"]
[Opening "Queen's pawn game"]
[ECO "D04"]
[Time "18:02:29"]
[TimeControl "2700+45"]

1. d4 d5 2. Nf3 Nf6 3. e3 Nc6 4. c4 e6 5. Nc3 Be7 6. cxd5 Nxd5 7. Bd2 O-O 8. Be2
Re8 9. O-O Bf6 10. Ne4 Be7 11. Rc1 Nf6 12. Nc5 b6 13. Bb5 Bd7 14. Nxd7 Qxd7 15.
Bxc6 Qd6 16. Bxa8 Rxa8 17. Qc2 Rc8 18. Qc6 Qd8 19. Rc2 Bd6 20. Ne5 Nd5 21. a3 a5
22. h3 Ne7 23. Qe4 Nd5 24. Nc4 Nf6 25. Qf3 Be7 26. Ne5 Bd6 27. Rfc1 Qe7 28. Nc4
Ne8 29. Nxd6 Qxd6 30. Qc6 Qd8 31. Qf3 g6 32. Qe2 Kg7 33. b4 axb4 34. Bxb4 Nf6
35. f3 h5 36. Be1 Ne8 37. Bg3 h4 38. Be5+ f6 39. Bh2 g5 40. Rc6 Qd7 41. Bxc7
Rxc7 42. Rxc7 Nxc7 43. Qc4 Nd5 44. Kf2 f5 45. e4 fxe4 46. fxe4 Qf7+ 47. Kg1 Ne7
48. Qc7 Kg6 49. Qxb6 Qf4 50. Qxe6+ Kh5 51. Rf1 Qe3+ 52. Kh1 Ng6 53. d5 Nf4 54.
Qf5 Qd3 55. Qh7# {Black checkmated} 1-0

[Event "Team 45 45 League T58"]
[Site "Internet Chess Club"]
[Date "2013.09.28"]
[Round "6"]
[White "sere"]
[Black "Toalla"]
[Result "0-1"]
[WhiteElo "1194"]
[BlackElo "1317"]
[Opening "Sicilian defense"]
[ECO "B30"]
[Time "11:00:49"]
[TimeControl "2700+45"]

1. e4 c5 2. Nf3 Nc6 3. b3 d6 4. Bb2 Nf6 5. Bc4 a6 6. O-O b5 7. Be2 e5 8. Nc3 Bg4
9. Ng5 Bxe2 10. Qxe2 h6 11. Nf3 Be7 12. Qd3 Nb4 13. Qe2 Nxc2 14. Rac1 Nd4 15.
Qd3 Nxf3+ 16. Qxf3 O-O 17. Qd3 Qb6 18. Nd5 Nxd5 19. Qxd5 Rac8 20. Qd3 c4 21. Qc3
b4 22. Qe3 Qxe3 23. fxe3 cxb3 24. axb3 f6 25. d4 exd4 26. exd4 Kh7 27. Rc4 Rxc4
28. bxc4 Rc8 29. Rc1 a5 30. c5 dxc5 31. dxc5 Rxc5 32. Rxc5 Bxc5+ 33. Kf1 Kg6 34.
Ke2 a4 35. Kd3 Kf7 36. Kc4 a3 37. Bc1 Bd6 38. Kb3 Ke6 39. Be3 Ke5 40. g3 Kxe4
41. Bd2 Kf3 42. Bxb4 Bxb4 {White resigns} 0-1

[Event "Team 45 45 League T58"]
[Site "Internet Chess Club"]
[Date "2013.09.29"]
[Round "6"]
[White "Littlemon"]
[Black "rom1"]
[Result "1/2-1/2"]
[WhiteElo "1434"]
[BlackElo "1582"]
[Opening "King's Indian defense, 3.Nc3"]
[ECO "E61"]
[Time "13:31:12"]
[TimeControl "2700+45"]

1. d4 Nf6 2. c4 g6 3. Nc3 c5 4. e3 d5 5. dxc5 e6 6. cxd5 exd5 7. Nf3 Bxc5 8. Be2
Nc6 9. O-O O-O 10. b3 d4 11. exd4 Nxd4 12. Nxd4 Bxd4 13. Bb2 Bf5 14. Bf3 Rb8 15.
Na4 Bxb2 16. Nxb2 b6 17. Nc4 Ne4 18. g4 Qxd1 19. Rfxd1 Ng5 {Game drawn by mutual
agreement} 1/2-1/2

[Event "Team 45 45 League T58"]
[Site "Internet Chess Club"]
[Date "2013.09.28"]
[Round "6"]
[White "oldsj"]
[Black "vjbaker"]
[Result "0-1"]
[WhiteElo "1581"]
[BlackElo "1710"]
[Opening "Sicilian: accelerated fianchetto, modern variation with Bc4"]
[ECO "B35"]
[Time "19:00:46"]
[TimeControl "2700+45"]

1. e4 c5 2. Nf3 Nc6 3. d4 cxd4 4. Nxd4 g6 5. Nc3 Bg7 6. Be3 Nf6 7. Bc4 Qa5 8. f3
Qb4 9. Bb3 Nxe4 10. fxe4 Nxd4 11. Bd2 Nxb3 12. axb3 Bxc3 13. Bxc3 Qxe4+ 14. Kf2
Qf4+ 15. Ke1 Qe3+ 16. Kf1 O-O 17. Qg4 d5 18. Qh4 b6 19. Re1 Ba6+ {White resigns}
0-1

[Event "Team 45 45 League T58"]
[Site "Internet Chess Club"]
[Date "2013.09.29"]
[Round "6"]
[White "DeltaChess"]
[Black "Tjet"]
[Result "0-1"]
[WhiteElo "1332"]
[BlackElo "1553"]
[Opening "King's pawn opening"]
[ECO "B07"]
[Time "16:01:03"]
[TimeControl "2700+45"]

1. e4 d6 2. d4 e5 3. dxe5 dxe5 4. Qxd8+ Kxd8 5. Nc3 c6 6. Be3 Kc7 7. O-O-O Be6
8. Nf3 f6 9. Be2 Nh6 10. h3 Nf7 11. Rd2 Bb4 12. a3 Bxc3 13. bxc3 Nd7 14. Rhd1
Nb6 15. Bxb6+ axb6 16. Kb2 Rhd8 17. Rxd8 Rxd8 18. Rxd8 Kxd8 19. Nd2 Kc7 20. Bc4
Bxc4 21. Nxc4 Nd6 22. Nxd6 Kxd6 23. Kb3 Kc5 24. g3 b5 25. f4 g5 26. f5 h5 27. h4
g4 28. Ka2 Kc4 29. Kb2 b6 30. a4 bxa4 {White resigns} 0-1

[Event "Team 45 45 League T58"]
[Site "Internet Chess Club"]
[Date "2013.09.28"]
[Round "6"]
[White "Fogbound"]
[Black "wildcat2023"]
[Result "0-1"]
[WhiteElo "1257"]
[BlackElo "1559"]
[Opening "Queen's bishop game"]
[ECO "D00"]
[Time "13:01:54"]
[TimeControl "2700+45"]

1. d4 d5 2. Bf4 Nf6 3. Nf3 e6 4. e3 Bd6 5. Bg3 O-O 6. Bd3 c5 7. c3 c4 8. Bc2
Bxg3 9. hxg3 Nc6 10. Ne5 h6 11. Nd2 Qb6 12. Rb1 Nxe5 13. dxe5 Nd7 14. Qg4 Nxe5
15. Qf4 f6 16. Rxh6 gxh6 17. Qxh6 Qc7 18. Nf3 Qg7 19. Qxg7+ Kxg7 20. Nd4 Rh8 21.
Ke2 Bd7 22. b3 cxb3 23. Rxb3 b6 24. Rb2 Rac8 25. Rb3 Kf7 26. Ra3 Ra8 27. Rb3 Rh2
28. Kf1 Ba4 29. Rb2 Nc4 30. Bxa4 Nxb2 31. Bd7 Rh1+ 32. Ke2 e5 33. Be6+ Ke7 34.
Bxd5 exd4 35. Bxa8 d3+ 36. Kf3 d2 37. Kg4 d1=Q+ 38. Bf3 Qd7+ 39. Kf4 Nd3+ 40.
Ke4 f5# {White checkmated} 0-1

[Event "Team 45 45 League T58"]
[Site "Internet Chess Club"]
[Date "2013.09.28"]
[Round "6"]
[White "arnx813"]
[Black "pmxpp"]
[Result "0-1"]
[WhiteElo "1390"]
[BlackElo "1449"]
[Opening "Four knights game"]
[ECO "C47"]
[Time "09:11:49"]
[TimeControl "2700+45"]

1. e4 e5 2. Nf3 Nc6 3. Nc3 Nf6 4. d3 Bb4 5. Bd2 O-O 6. g3 d6 7. Bg2 Bg4 8. O-O
Nd4 9. a3 Nxf3+ 10. Bxf3 Bxf3 11. Qxf3 Bc5 12. b4 Bd4 13. Rab1 Bxc3 14. Bxc3 b5
15. Rfe1 Re8 16. Qf5 Qc8 17. Qf3 c5 18. Qe3 a6 19. bxc5 Qxc5 20. Qxc5 dxc5 21.
f4 Nd7 22. Rf1 Rac8 23. fxe5 Nxe5 24. Rf5 f6 25. Rc1 Kf7 26. d4 cxd4 27. Bxd4
Rc4 28. Bxe5 Rxe5 29. g4 Rxf5 30. gxf5 Rxe4 31. Rd1 Ke7 32. Rd5 Re5 33. Rxe5+
fxe5 34. Kf2 Kf6 35. Ke3 Kxf5 36. Kd3 Kf4 37. Kc3 e4 38. Kd2 Kf3 39. Ke1 e3 40.
Kf1 g5 41. c3 h5 42. h3 g4 43. hxg4 hxg4 44. Ke1 e2 45. c4 bxc4 46. a4 g3 47. a5
g2 48. Kd2 {White resigns} 0-1